AoeStats
← Jscott

Nomad

507395500Analyzed
2v2 RM · 15d ago on Sep 18, 2026· 51m 28s· 4 players
Game mode
Random Map
Map size
176×176
Population
200
Speed
Normal
Resources
Standard
Victory
Conquest
Starting age
Dark Age
Ending age
Imperial Age
RankedLock teamsTeams togetherTeam positionsShared explorationLock speedFull tech treeHidden civsTurbo modeCheats
Victory
Defeat
🇨🇦 Persians · Canada
1373
+16
🇺🇸 Italians · United States
1371
+16
🇲🇽 Gurjaras · Mexico
1364
-16
🇲🇽 Saracens · Mexico
1363
-16
marley1954
3:45 Loom
12:50 Feudal Age
13:24 Town Watch
13:27 Double-Bit Axe
13:47 Fishing Lines
15:23 Gold Mining
17:54 Fletching
19:27 Padded Archer Armor
19:48 Horse Collar
21:56 Wheelbarrow
26:27 Castle Age
26:29 Crossbowman
27:15 Thumb Ring
27:59 Gillnets
28:43 Town Patrol
29:36 Bodkin Arrow
30:00 Crossbowman
33:54 Hand Cart
38:07 Ballistics
49:55 Imperial Age
50:01 Leather Archer Armor
50:12 Arbalester
51:51 Bracer
adrian_mares30
4:20 Loom
13:14 Feudal Age
17:18 Castle Age
15:41 Double-Bit Axe
16:20 Gold Mining
17:13 Fishing Lines
18:38 Forging
26:02 Bloodlines
27:29 Husbandry
27:59 Town Watch
32:06 Wheelbarrow
39:47 Hand Cart
50:56 Imperial Age
49:39 Bow Saw
49:14 Horse Collar
50:04 Heavy Plow
50:57 Iron Casting
ooouj
7:37 Loom
16:07 Feudal Age
16:24 Fishing Lines
17:25 Double-Bit Axe
23:52 Castle Age
22:43 Scale Mail Armor
22:56 Bloodlines
24:00 Scale Barding Armor
24:06 Forging
24:26 Husbandry
25:50 Gillnets
27:19 Chain Barding Armor
31:23 Bow Saw
31:06 Gold Mining
36:53 Gold Shaft Mining
36:55 Wheelbarrow
38:39 Fletching
38:50 Padded Archer Armor
42:37 Imperial Age
40:24 Hand Cart
41:14 Forging
41:00 Horse Collar
43:20 Conscription
43:06 Cavalier
45:20 Savar
46:44 Plate Barding Armor
46:12 Heavy Camel Rider
50:51 Iron Casting
Jscott
6:43 Loom
12:46 Feudal Age
16:45 Castle Age
15:12 Fishing Lines
16:49 Double-Bit Axe
17:43 Medium Warships
17:57 Gillnets
19:27 Bow Saw
28:13 Fletching
29:32 Padded Archer Armor
33:05 Bodkin Arrow
37:51 Ballistics
45:52 Imperial Age
44:12 Leather Archer Armor
46:16 Elite Genoese Crossbowman
48:02 Chemistry
47:53 Gold Mining
49:06 Bracer
49:37 Ring Archer Armor
50:50 Heavy Warships
49:50 Elite Cannon Galleon
Connection lost

Rejoining the realm…

Still unreachable

The connection could not be restored.

Session expired

The server has moved on; the page needs a fresh start.